 Dungeon Crawl Stone Soup version 0.28.0-47-ge53b351184 (webtiles) character file.

Game seed: 15326748282217924054

179 CryoSword the Cudgeller (level 5, 0/41 HPs)
             Began as a Demonspawn Monk on May 6, 2022.
             Slain by an orc wizard
             ... wielding a +0 dagger
              (1 damage)
             ... on level 3 of the Dungeon.
             The game lasted 00:07:32 (4820 turns).

CryoSword the Cudgeller (Demonspawn Monk)           Turns: 4820, Time: 00:07:32

Health: 0/41       AC:  5    Str: 13    XL:     5   Next: 33%
Magic:  0/5        EV: 11    Int: 11    God:
Gold:   114        SH:  0    Dex: 16    Spells: 4/4 levels left

rFire   . . .      SeeInvis .   a - +0 mace
rCold   . . .      Faith    .   (no shield)
rNeg    . . .      Spirit   +   d - +0 ring mail
rPois   +          Reflect  .   (no helmet)
rElec   .          Harm     .   (no cloak)
rCorr   .          Rampage  .   (no gloves)
Will    .....                   (no boots)
Stlth   +.........              g - amulet of guardian spirit
HPRegen 0.13/turn               f - ring of poison resistance
MPRegen 0.09/turn               (no ring)

@: no status effects
A: hooves 1, powered by pain 1
a: no special abilities


You were on level 3 of the Dungeon.
You visited 1 branch of the dungeon, and saw 3 of its levels.

You collected 114 gold pieces.

Inventory:

Hand Weapons
 a - a +0 mace (weapon)
Missiles
 e - 6 poisoned darts (quivered)
Armour
 d - a +0 ring mail (worn)
   (You took it off a kobold on level 1 of the Dungeon)
Jewellery
 b - a ring of ice
   (You found it on level 3 of the Dungeon)
 f - a ring of poison resistance (left hand)
   (You found it on level 1 of the Dungeon)
 g - an amulet of guardian spirit (around neck)
   (You took it off a gnoll on level 2 of the Dungeon)
Scrolls
 h - a scroll of immolation {unknown}
 i - a scroll of noise {unknown}
Potions
 c - a potion of magic


   Skills:
 - Level 3.0 Fighting
 + Level 5.5 Maces & Flails
 - Level 2.6 Dodging
 - Level 1.7 Stealth


You had 4 spell levels left.
You didn't know any spells.
Your spell library was empty.

Dungeon Overview and Level Annotations

Branches:
Dungeon (3/15)

Altars:
Qazlal

Shops:
D:2 =

Annotations:
D:2 Sigmund


Innate Abilities, Weirdness & Mutations

You have large cloven feet.
You sometimes gain a little power by taking damage.


Message History

No target in view!
No target in view!
Found an escape hatch in the floor.
Found a stone staircase leading down.
Found 20 stones.
The orc shouts!
The orc hits you with a +0 falchion.
You hit the orc but do no damage. Your kick misses the orc.
The orc barely misses you.
You hit the orc. The orc hits you with a +0 falchion.
You hit the orc. The orc hits you with a +0 falchion.
You hit the orc.
You kill the orc!
No target in view!
You start resting.
Found 6 poisoned darts.
The goblin hits you but does no damage.
You closely miss the goblin. The goblin hits you with a +0 dagger.
You hit the goblin.
You kill the goblin!
You see here a +0 dagger.
You start resting.
You see here a +0 dagger.
The adder hisses angrily.
You see here a +0 dagger.
You hit the adder but do no damage. Your kick misses the adder.
The adder barely misses you.
You barely miss the adder. You kick the adder.
The adder bites you but does no damage. The adder bites you.
You sock the adder!
You kill the adder!
You start resting.
You start resting.
e - 6 poisoned darts You see here 8 gold pieces.
You now have 114 gold pieces (gained 8).
The orc shouts!
The orc hits you with a +0 short sword.
You hit the orc. You kick the orc. The orc hits you with a +0 short sword.
You hit the orc.
You kill the orc!
No target in view!
You start resting.
h - a scroll labelled GATOEZX OCRIGIOSA You see here a +0 short sword.
i - a scroll labelled WOCAV FICEAH A frilled lizard comes into view.
A frilled lizard is nearby!
A frilled lizard is nearby!
A frilled lizard is nearby!
The frilled lizard hisses angrily.
You miss the frilled lizard. Your kick misses the frilled lizard.
The frilled lizard barely misses you.
You barely miss the frilled lizard. Your kick misses the frilled lizard.
The frilled lizard closely misses you.
You closely miss the frilled lizard. Your kick misses the frilled lizard.
The frilled lizard misses you.
You thump the frilled lizard!
You kill the frilled lizard!
No target in view!
You see here a frilled lizard corpse.
Things that are here:
a +0 falchion; a +0 ring mail; an orc corpse The gnoll shouts!
You hear a shout!
A gnoll is nearby!
A gnoll is nearby!
A gnoll is nearby!
The gnoll barely misses you.
You hit the gnoll. Your kick misses the gnoll. The gnoll closely misses you.
The hobgoblin shouts!
You thump the gnoll! You kick the gnoll, but do no damage.
The gnoll completely misses you.
The orc wizard casts a spell.
The orc wizard flickers and vanishes!
Deactivating autopickup; reactivate with Ctrl-A.
You thump the gnoll!
You kill the gnoll!
You see here a +0 spear.
The orc shouts! x2; You hear a shout!
You thump the hobgoblin!
You kill the hobgoblin!
You hear some strange, mumbled words.
Something tries to affect you, but you resist.
You hear some strange, mumbled words.
You are confused.
Unknown command.
You hear some strange, mumbled words.
Something tries to affect you, but you resist.
You bump into the rock wall.
You feel less confused. The gnoll hits you with a +0 halberd.
You barely miss the gnoll. The gnoll misses you. The gnoll closely misses you.
The orc closely misses you.
You sock the orc!
You kill the orc!
The gnoll misses you. The gnoll barely misses you.
You see here a +1 war axe of flaming.
The orc wizard casts a spell.
The orc wizard flickers and vanishes!
The gnoll barely misses you. The gnoll hits you with a +0 halberd!
You hit the gnoll. Your kick misses the gnoll. The gnoll barely misses you.
You hit the gnoll. The gnoll hits you but does no damage.
The gnoll barely misses you.
You closely miss the gnoll. You kick the gnoll, but do no damage.
The gnoll hits you with a +0 halberd!
You focus on the pain.
You feel your power returning.
You barely miss the gnoll. Your kick misses the gnoll.
The gnoll hits you with a +0 halberd!
* * * LOW HITPOINT WARNING * * *
You hit the gnoll but do no damage. The gnoll closely misses you.
You closely miss the gnoll. You kick the gnoll.
You kill the gnoll!
You barely miss something. Your kick misses something.
You hear some strange, mumbled words.
A puff of flame appears from out of thin air!
The puff of flame hits you.
* * * LOW HITPOINT WARNING * * *
You barely miss something. Something hits you but does no damage.
You hit the orc. You kick the orc. The orc barely misses you.
Something hits you but does no damage.
You completely miss the orc. You kick the orc.
You kill the orc!
Something hits you.
* * * LOW HITPOINT WARNING * * *
You hit something.
You hear some strange, mumbled words.
Something tries to affect you, but you resist.
You barely miss something. Your kick misses something.
You hear some strange, mumbled words.
You are confused.
You bump into the rock wall.
Something hits you but does no damage.
You bump into the rock wall.
Something hits you.
* * * LOW HITPOINT WARNING * * *
Something hits you.
* * * LOW HITPOINT WARNING * * *
You barely miss something. Your kick misses something. Something hits you.
* * * LOW HITPOINT WARNING * * *
You bump into the rock wall.
Something hits you.
* * * LOW HITPOINT WARNING * * *
You completely miss something.
You feel less confused. Something hits you.
* * * LOW HITPOINT WARNING * * *
You barely miss something. Something hits you but does no damage.
You hit something. Something hits you.
* * * LOW HITPOINT WARNING * * *
You miss something. Something hits you.
You die...

#.###...##..o.##...#.............
#.....####...<.................#.
####### ##.........##.#.##....##.
#..........##.........###
#########......o......(.......###
#.............##...).............
#.......^#...###..o...#........##
#...........######.#.####......##
#.........#####{@..#.# ##........
#........####.).####.###.........
#..†.....# #..##.........#####..#
#........# #.###.......†## ##..##
#........# #.# #...>....####..##
#........# #.# #.)......##...####
#......#####.###...............).
...##### #.>##.........#########
.### #)##.(........#


There were no monsters in sight!

Vanquished Creatures
  4 adders
  7 gnolls
  An adder skeleton (D:2)
  5 dart slugs
  6 orcs
  2 endoplasms
  2 giant cockroaches (D:1)
  3 goblins
  3 hobgoblins
  5 jackals (D:1)
  5 quokkas
  5 ball pythons (D:2)
  2 bats
  3 frilled lizards
  2 kobolds (D:1)
  8 rats
63 creatures vanquished.

Notes
Turn   | Place    | Note
-------+----------+-------------------------------------------
     0 | D:1      | CryoSword the Demonspawn Monk began the quest for the Orb.
     0 | D:1      | Reached XP level 1. HP: 18/18 MP: 1/1
    90 | D:1      | Reached skill level 3 in Maces & Flails
    95 | D:1      | Gained mutation: You have large cloven feet. [demonic
                  | ancestry]
    95 | D:1      | Reached XP level 2. HP: 6/24 MP: 2/2
  1081 | D:1      | Gained mutation: You sometimes gain a little power by
                  | taking damage. [demonic ancestry]
  1081 | D:1      | Reached XP level 3. HP: 29/29 MP: 3/3
  1558 | D:2      | Found a stormy altar of Qazlal.
  1584 | D:2      | Reached skill level 4 in Maces & Flails
  1675 | D:2      | Found Vuile's Jewellery Shop.
  2287 | D:2      | Noticed Sigmund
  2387 | D:2      | Found a faded altar of an unknown god.
  2495 | D:2      | Reached XP level 4. HP: 33/35 MP: 4/4
  3764 | D:2      | Reached skill level 5 in Maces & Flails
  4022 | D:2      | HP: 1/35 [gnoll/+0 flail (2)]
  4421 | D:2      | Reached XP level 5. HP: 31/41 MP: 3/5
  4819 | D:3      | HP: 1/41 [something (3)]
  4820 | D:3      | Slain by an orc wizard

Illustrated notes

Levels and vault maps discovered:
D:1:      pf_arrival_petrified_forest, layout_loops_corners, st_stairs_14,
          hex_large
D:2:      layout_basic, basic_altar, serial_shops, shop,
          nicolae_ecumenical_snake_handling, corexii_hall_statues_i,
          uniq_sigmund
D:3:      layout_rooms

Skill      XL: |  1  2  3  4 |
---------------+-------------+-----
Maces & Flails | 3 4 5 |  5.5
Fighting       | |  3.0
Dodging        | |  2.6
Stealth        | |  1.7

Action                   |  1- 3 |  4- 6 || total
-------------------------+-------+-------++-------
Melee: Mace              |   127 |    94 ||   221
       Kick              |    26 |    27 ||    53
       Punch             |     1 |     1 ||     2
Throw: Throwing net      |       |     1 ||     1
  Use: Potion            |       |     2 ||     2
       Scroll            |       |     1 ||     1
 Stab: Sleeping          |     5 |       ||     5
Armor: Robe              |     5 |       ||     5
       Ring mail         |    35 |    13 ||    48
Dodge: Dodged            |   103 |    57 ||   160
